Map: Para Site LE

Players

Moll

  • Race: Zerg Zerg
  • Spawn Location: 5:00

ViBE - Winner!

  • Race: Zerg Zerg
  • League: Master
  • Spawn Location: 11:00

VOD

Have the link to the VOD?

Description

Time

  • Played on: Oct. 9, 2018, 8:59 p.m.
  • Length: 5:59
Show
View Real Time Build Order
Export as new Build Order

Moll Zerg 

Build Orders: Hatch First 

Get SALT Encoding   

  12  0:01  Drone  
  13  0:13  Overlord  
  13  0:18  Drone  
  14  0:31  Drone x2  
  16  0:49  Hatchery  
  15  0:52  Drone  
  15  0:56  Drone  
  17  1:00  Drone  
  18  1:09  Extractor  
  17  1:15  Spawning Pool  
  17  1:17  Drone  
  17  1:20  Drone  
  18  1:29  Drone  
  19  1:40  Overlord  
  19  1:51  Drone  
  20  2:02  Queen x2  
  20  2:03  Zergling x4  
  26  2:14  Drone x2  
  28  2:23  Drone x2  
  30  2:33  Overlord  
  30  2:37  Queen  
  30  2:40  Lair  
  32  2:45  Drone  
  32  2:46  Drone x2  
  35  2:51  Evolution Chamber  
  35  2:54  Drone x2  
  36  3:01  Roach Warren  
  35  3:06  Drone x2  
  37  3:16  Evolution Chamber  
  37  3:19  Zerg Missile Weapons Level 1  
  36  3:20  Extractor  
  36  3:21  Extractor  
  34  3:27  Drone x5  
  34  3:29  Drone  
  40  3:35  Drone  
  40  3:40  Glial Reconstitution  
  41  3:49  Overlord x2  
  41  3:52  Roach  
  43  4:07  Overlord x2  
  43  4:09  Roach x3  
  48  4:10  Roach  
  48  4:14  Roach  
  52  4:21  Roach x2  
  52  4:23  Roach  
  58  4:27  Roach  
  58  4:30  Roach  
  62  4:33  Roach  
  64  4:38  Overlord  
  64  4:41  Overlord  
  64  4:46  Roach  
  64  4:48  Roach  
  68  4:55  Roach x2  
  68  4:58  Roach  
  74  5:11  Roach x2  
  74  5:12  Roach x2  
  82  5:17  Roach x2  
  82  5:20  Ravager x3  
  89  5:24  Roach  
  91  5:32  Overlord  
  91  5:33  Overlord  
Show
View Real Time Build Order
Export as new Build Order

ViBE Zerg - Winner!

Build Orders: Hatch First 

Get SALT Encoding   

  12  0:00  Drone  
  13  0:13  Overlord  
  13  0:18  Drone  
  14  0:31  Drone  
  14  0:32  Drone  
  16  0:50  Hatchery  
  16  0:53  Drone  
  16  1:07  Spawning Pool  
  16  1:10  Drone  
  16  1:14  Drone  
  17  1:19  Drone  
  18  1:29  Extractor  
  18  1:31  Drone  
  18  1:40  Drone  
  19  1:58  Queen  
  19  1:59  Drone  
  22  2:01  Overlord  
  22  2:03  Queen  
  22  2:07  Drone  
  25  2:09  Drone  
  26  2:16  Drone  
  26  2:19  Drone  
  28  2:23  Drone  
  28  2:25  Drone  
  30  2:34  Lair  
  30  2:36  Overlord  
  30  2:40  Queen  
  32  2:44  Evolution Chamber  
  32  2:46  Drone  
  32  2:57  Roach Warren  
  32  2:58  Drone x2  
  33  3:01  Drone  
  33  3:03  Drone  
  35  3:08  Drone x2  
  35  3:09  Drone  
  35  3:12  Drone  
  39  3:14  Drone  
  40  3:20  Zerg Missile Weapons Level 1  
  40  3:26  Evolution Chamber  
  39  3:27  Extractor  
  39  3:29  Extractor  
  39  3:31  Drone x3  
  40  3:36  Drone x3  
  40  3:39  Overlord  
  43  3:43  Glial Reconstitution  
  43  3:56  Drone  
  43  3:57  Overlord  
  43  4:00  Drone x4  
  43  4:01  Roach  
  50  4:14  Roach  
  52  4:22  Roach x4  
  60  4:39  Hatchery, Overlord x5  
  59  4:57  Roach x3  
  65  5:05  Roach  
  65  5:06  Roach x6  
  79  5:07  Roach  
  81  5:18  Roach x2  
  85  5:26  Roach x2  
Tags
 
League
Master
Matchup
ZvZ
Race
Zerg
Spawn Locations
Cross Positions
Add a new tag
Caveats
  • Supply blocks, unpowered buildings, or Contaminate may cause inaccurate times.
  • Supply counts are checked every 10 seconds.